 Dungeon Crawl Stone Soup version 0.32-a0-468-g38b2580584 (webtiles) character file.

Game seed: 10450352701632695131

1883 SweetJohnnyV the Slicer (level 9, -10/78 HPs)
             Began as a Gargoyle Berserker on Feb 24, 2024.
             Was a Believer of Trog.
             Mangled by a wyvern (14 damage)
             ... on level 8 of the Dungeon.
             The game lasted 00:12:23 (4815 turns).

SweetJohnnyV the Slicer (Gargoyle Berserker)        Turns: 4815, Time: 00:12:23

Health: -10/78     AC: 14    Str: 30    XL:     9   Next: 14%
Magic:  9/9        EV: 10    Int:  9    God:    Trog [**....]
Gold:   275        SH:  3    Dex:  9    Spells: 8/8 levels left

rFire   . . .        x - +7 captain's cutlass {speed, disarm}
rCold   . . .        r - +0 buckler
rNeg    + . .        m - +0 scale mail
rPois   ∞            (no helmet)
rElec   +            (no cloak)
rCorr   .            y - +0 pair of gloves
SInv    .            (no boots)
Will    .....        g - amulet of regeneration Stlth
                     b - +6 ring of strength
HPRegen 1.13/turn    (no ring)
MPRegen 0.11/turn

%: no passive effects
@: berserking (expiring), very quick
A: sickness immunity, AC +6, negative energy resistance 1, electricity
resistance, torment resistance 1, petrification resistance
a: Renounce Religion, Berserk, Trog's Hand


You were on level 8 of the Dungeon.
You worshipped Trog.
Trog was pleased with you.
You visited 1 branch of the dungeon, and saw 6 of its levels.

You collected 275 gold pieces.

Inventory:

Hand Weapons
 a - a +1 hand axe
 x - the +7 captain's cutlass (weapon) {speed, disarm}
   (You found it on level 3 of the Dungeon)
Missiles
 n - a throwing net (quivered)
Armour
 m - a +0 scale mail (worn)
 r - a +0 buckler (worn)
 y - a +0 pair of gloves (worn)
Jewellery
 b - a +6 ring of strength (left hand)
 g - an amulet of regeneration (around neck)
 k - a ring of protection from cold
 u - an amulet of faith
 w - a ring of fire
Wands
 s - a wand of quicksilver (22)
Scrolls
 d - 8 scrolls of identify
 f - a scroll of vulnerability
 v - a scroll of teleportation
 z - a scroll of silence {unknown}
Potions
 c - 4 potions of curing
 e - a potion of haste {unknown}
 h - a potion of enlightenment {unknown}
 j - 2 potions of mutation
 l - 2 potions of invisibility
 o - a potion of brilliance {unknown}
 t - a potion of might {unknown}
 A - a potion of lignification {unknown}


   Skills:
 * Level 4.6 Fighting
 * Level 9.0 Short Blades
 - Level 3.6 Axes
 * Level 4.2 Armour
 - Level 2.6 Dodging
 * Level 1.0 Shields


You had 8 spell levels left.
You didn't know any spells.
Your spell library was empty.

Dungeon Overview and Level Annotations

Branches:
Dungeon (8/15)
 Temple: D:4-7         Lair: D:8-11

Altars:
Cheibriados
Fedhas
Kikubaaqudgha
Makhleb
Uskayaw
Vehumet
Wu Jian
The Shining One

Shops:
D:4 (


Innate Abilities, Weirdness & Mutations

You are immune to sickness and miasma.
Your stone body is resilient. (AC +6)
You are immune to poison.
You resist negative energy. (rN+)
You are resistant to electric shocks. (rElec)
You are resistant to unholy torment.
You are immune to petrification.


Message History

The gnoll sergeant is severely wounded.
The wyvern misses you.
You puncture the gnoll sergeant!
You kill the gnoll sergeant!
Trog accepts your kill. The gnoll barely misses you. The wyvern bites you.
The gnoll hits you with a +0 club.
The wyvern bites you but does no damage.
Things that are here:
a +0 trident of protection; a +2 scale mail of poison resistance; a +0 buckler You hit the water moccasin.
The water moccasin is lightly wounded.
The gnoll hits you from afar with a +0 halberd!
The gnoll barely misses you. The water moccasin bites you.
You hit the water moccasin.
The water moccasin is moderately wounded.
The wyvern bites you!
You puncture the water moccasin!
The water moccasin is heavily wounded.
The water moccasin bites you but does no damage.
You closely miss the water moccasin.
The water moccasin is heavily wounded.
The gnoll hits you from afar with a +0 halberd.
The wyvern bites you!
* * * LOW HITPOINT WARNING * * *
The gnoll barely misses you.
You puncture the water moccasin!
You kill the water moccasin!
Trog accepts your kill.
Your Short Blades skill increases to level 9!
Your Shields skill increases to level 1!
The wyvern bites you!
* * * LOW HITPOINT WARNING * * *
The gnoll hits you but does no damage. The gnoll barely misses you.
You see here a +0 spear.
You puncture the gnoll!
You kill the gnoll!
Trog accepts your kill. The wyvern bites you!
You die...

#............<..........
#...........#......###.#
#.............##..## .#
##.......#.##..>.###..
##.....##....!.k....#
#....#......##.#####
#......##.#.##...
#....####.#k##.#...
####.# #.)@##.#....
#.#####.)g....##.
#..##........##
#.....#.....##
........####.....#
..#####.# ....#.# #..
......... #...#...#....$
#..###.ß##....


You could see a wyvern and a gnoll.

Vanquished Creatures
  Joseph (D:7)
  A hornet (D:7)
  A wyvern (D:8)
  3 water moccasins
  An orc warrior (D:7)
  A phantom (D:7)
  A gnoll sergeant (D:8)
  2 scorpions
  5 killer bees (D:7)
  A bombardier beetle (D:4)
  A jelly (D:4)
  Terence (D:2)
  An iguana (D:4)
  2 orc wizards (D:7)
  8 adders
  2 gnolls (D:8)
  A shadow imp (D:7)
  2 dart slugs
  2 ribbon worms
  2 orcs
  6 endoplasms
  3 goblins
  8 hobgoblins
  2 jackals (D:2)
  4 quokkas
  6 ball pythons
  7 bats
  6 frilled lizards
  6 kobolds
  3 rats (D:3)
90 creatures vanquished.

Vanquished Creatures (others)
  A human (D:3)
1 creature vanquished.

Grand Total: 91 creatures vanquished

Notes
Turn   | Place    | Note
-------+----------+-------------------------------------------
     0 | D:1      | SweetJohnnyV the Gargoyle Berserker began the quest for the
                  | Orb.
     0 | D:1      | Reached XP level 1. HP: 14/14 MP: 1/1
   183 | D:1      | Reached XP level 2. HP: 19/19 MP: 2/2
   828 | D:2      | Reached XP level 3. HP: 15/24 MP: 3/3
  1228 | D:2      | Reached ** piety under Trog
  1281 | D:2      | Reached XP level 4. HP: 29/29 MP: 4/4
  1305 | D:2      | Found a hide-covered altar of Uskayaw.
  1305 | D:2      | Noticed Terence
  1319 | D:2      | Killed Terence
  1825 | D:3      | Reached XP level 5. HP: 25/33 MP: 5/5
  2160 | D:3      | Found the +7 captain's cutlass {speed, disarm}
  2164 | D:3      | Found an ancient bone altar of Kikubaaqudgha.
  2168 | D:3      | Noticed a human
  2169 | D:3      | Killed a human
  2652 | D:3      | Found a faded altar of an unknown god.
  2690 | D:3      | Found an ornate altar of the Wu Jian Council.
  2884 | D:4      | Found Nucin's Antique Weapon Emporium.
  2891 | D:4      | Reached skill level 1 in Short Blades
  2891 | D:4      | Reached XP level 6. HP: 39/39 MP: 6/6
  2988 | D:4      | Reached skill level 2 in Short Blades
  3070 | D:4      | Found a burning altar of Makhleb.
  3070 | D:4      | Found a glowing golden altar of the Shining One.
  3070 | D:4      | Found a snail-covered altar of Cheibriados.
  3344 | D:4      | Reached skill level 3 in Short Blades
  3564 | D:4      | You fall into a shaft and drop 3 floors!
  3599 | D:7      | Noticed a water moccasin
  3612 | D:7      | Killed a water moccasin
  3624 | D:7      | Reached skill level 4 in Short Blades
  3624 | D:7      | Reached XP level 7. HP: 42/44 MP: 7/7
  3834 | D:7      | Noticed a hornet
  3855 | D:7      | Killed a hornet
  3856 | D:7      | Reached skill level 5 in Short Blades
  3986 | D:7      | Reached skill level 6 in Short Blades
  3994 | D:7      | Reached XP level 8. HP: 19/48 MP: 8/8
  4150 | D:7      | Noticed Joseph
  4175 | D:7      | Killed Joseph
  4176 | D:7      | Reached skill level 7 in Short Blades
  4324 | D:7      | Found a blossoming altar of Fedhas.
  4522 | D:7      | Reached skill level 8 in Short Blades
  4704 | D:8      | Noticed a wyvern
  4722 | D:8      | Killed a wyvern
  4723 | D:8      | Reached XP level 9. HP: 46/52 MP: 9/9
  4785 | D:8      | Found a radiant altar of Vehumet.
  4814 | D:8      | Reached skill level 9 in Short Blades
  4814 | D:8      | Reached skill level 1 in Shields
  4814 | D:8      | HP: 3/78 [wyvern (11)]
  4815 | D:8      | Mangled by a wyvern

Illustrated notes

Levels and vault maps discovered:
D:1:      ncdulo_lavacross, layout_basic, hangedman_decor_diamond_cutter
D:2:      layout_basic, basic_altar, uniq_terence
D:3:      layout_rooms, nzn_wu_jian_council_hall, tgw_kikubaaqudgha,
          shapermc_ecumenical_altar_hornbeckon, minmay_starry_boxes
D:4:      layout_loops_ring, chequers_temple_overflow_statue_of_worship,
          serial_shops, shop, chequers_big_river
D:7:      layout_basic, kennysheep_mini, chequers_garden, uniq_joseph
D:8:      layout_rooms, nicolae_ru_awakened_eye, vehumet_crystals,
          general_overflow_altar

Skill      XL: |  1  2  3  4  5  6  7  8  9 |
---------------+----------------------------+-----
Axes           | 3 |  3.6
Dodging        | 2 |  2.6
Armour         | 3 4 |  4.2
Fighting       | 4 |  4.6
Short Blades   | 1 4 6 8 9 |  9.0
Shields        | 1 |  1.0

Action                     |  1- 3 |  4- 6 |  7- 9 || total
---------------------------+-------+-------+-------++-------
  Melee: Hand axe          |    95 |    84 |       ||   179
         Cutlass           |       |    85 |   125 ||   210
 Invoke: Berserk           |       |     1 |     3 ||     4
    Use: Scroll            |       |     8 |     4 ||    12
         Potion            |       |     1 |       ||     1
 Armour: Animal skin       |    84 |    11 |       ||    95
         Scale mail        |       |   104 |    91 ||   195
  Dodge: Dodged            |   105 |    79 |    45 ||   229
  Block: Buckler           |       |    19 |    24 ||    43

Table legend: (Time is in decaauts)
 A = Elapsed time spent in this place.
 B = Non-inter-level travel time spent in this place.
 C = Inter-level travel time spent in this place.
 D = Time resting spent in this place.
 E = Time spent auto-exploring this place.
 F = Levels seen in this place.
 G = Mean time per level.
                   A        B        C        D        E       F      G
               +--------+--------+--------+--------+--------+-----+--------+
         Total |   4832 |   4723 |    109 |    493 |   2992 |   6 |  805.3 |
       Dungeon |   4832 |   4723 |    109 |    493 |   2992 |   6 |  805.3 |
               +--------+--------+--------+--------+--------+-----+--------+

Top non-repeatable levels by time:
     D:3: 1116 daAuts
     D:7: 1113 daAuts
     D:4: 854 daAuts
     D:2: 836 daAuts
     D:1: 815 daAuts
     D:8: 95 daAuts
